AoeStats
← ROBINLACHIENNE

Arabia

504797558Analyzed
1v1 RM · 25d ago on Sep 6, 2026· 22m 27s· 2 players
Game mode
Random Map
Map size
Tiny (2 player)
Population
200
Speed
Normal
Resources
Standard
Victory
Conquest
Starting age
Dark Age
Ending age
Imperial Age
RankedLock teamsTeams togetherTeam positionsShared explorationLock speedFull tech treeHidden civsTurbo modeCheats
Victory
Defeat
🇫🇷 Khitans · France
1273
+15
🇺🇸 Sicilians · United States
1249
-15
drloving3
7:12 Loom
10:05 Feudal Age
11:38 Horse Collar
13:45 Double-Bit Axe
15:57 Wheelbarrow
ROBINLACHIENNE
7:33 Loom
10:39 Feudal Age
12:36 Double-Bit Axe
15:42 Fletching
22:12 Castle Age
20:43 Scale Barding Armor
22:44 Forging
23:25 Wheelbarrow
Connection lost

Rejoining the realm…

Still unreachable

The connection could not be restored.

Session expired

The server has moved on; the page needs a fresh start.